General information
- name: BNet
- type: Ladder 1vs1/FFA
- host: Battle.net
- saver: chiggazking
map: CentaurGrove
- players: 2
- length: 12:00
- speed: Fast
- version: 1.24 W3XP
- replay type: Public
» download(45 KB)
Players
team 1 (loser)
Emphasis (
pink | 66 APM | 793 actions | 11:58)
2 Archmage
1 Summon Water Elemental
1 Brilliance Aura
1 Mountain King
1 Storm Bolt
» actions
| Assign group hotkey | 12 | |
| Basic commands | 27 | |
| Build / train | 67 | |
| Enter build submenu | 32 | |
| Enter hero's abilities submenu | 3 | |
| Remove unit from queue | 6 | |
| Right click | 297 | |
| Select / deselect | 257 | |
| Select group hotkey | 20 | |
| Use ability | 72 | |
793 total
» units
» upgrades
» buildings
| Altar of Kings | 1 | |
| Farm | 6 | |
| Barracks | 1 | |
| Scout Tower | 16 | |
| Arcane Tower | 1 | |
| Lumber Mill | 1 | |
| Town Hall | 1 | |
| Guard Tower | 9 | |
| Keep | 1 | |
| Blacksmith | 1 | |
| Arcane Vault | 1 | |
39 total
» build order
00:03 Altar of Kings
00:21 Farm
00:30 Barracks
01:21 Farm
01:53 Scout Tower
02:08 Farm
02:22 Arcane Tower
02:49 Farm
03:29 Lumber Mill
04:28 Town Hall
04:31 Scout Tower
05:02 Guard Tower
05:05 Scout Tower
05:36 Guard Tower
05:40 Scout Tower
06:14 Guard Tower
06:53 Keep
07:08 Scout Tower
07:35 Guard Tower
07:38 Scout Tower
07:56 Blacksmith
08:14 Guard Tower
08:18 Scout Tower
08:45 Farm
08:48 Guard Tower
08:50 Scout Tower
09:12 Arcane Vault
09:15 Scout Tower
09:21 Scout Tower
09:22 Guard Tower
09:58 Guard Tower
10:14 Scout Tower
10:15 Scout Tower
10:31 Scout Tower
10:42 Guard Tower
10:45 Scout Tower
11:02 Farm
11:15 Scout Tower
11:20 Scout Tower
team 2 (winner)
chiggazking (
red | 184 APM | 2214 actions | 12:00)
4 Blademaster
2 Wind Walk
2 Critical Strike
2 Shadow Hunter
1 Hex
1 Healing Wave
» actions
| Assign group hotkey | 14 | |
| Basic commands | 39 | |
| Build / train | 57 | |
| ESC pressed | 1 | |
| Enter build submenu | 11 | |
| Enter hero's abilities submenu | 6 | |
| Give item / drop item | 1 | |
| Remove unit from queue | 1 | |
| Right click | 816 | |
| Select / deselect | 189 | |
| Select group hotkey | 1010 | |
| Use ability | 69 | |
2214 total
» units
| Peon | 12 | |
| Grunt | 6 | |
| Raider | 2 | |
| Spirit Walker | 3 | |
| Kodo Beast | 1 | |
24 total
» upgrades
| Pillage | 1 | |
| Melee Weapons | 1 | |
| Spirit Walker Training | 1 | |
| Ensnare | 1 | |
| Berserker Strength | 1 | |
5 total
» buildings
| Altar of Storms | 1 | |
| Orc Burrow | 5 | |
| Barracks | 1 | |
| Voodoo Lounge | 1 | |
| Stronghold | 2 | |
| War Mill | 1 | |
| Beastiary | 1 | |
| Spirit Lodge | 1 | |
13 total
» build order
00:06 Altar of Storms
00:18 Orc Burrow
00:36 Barracks
01:30 Orc Burrow
02:03 Voodoo Lounge
03:03 Stronghold
03:04 Stronghold
03:31 War Mill
04:10 Orc Burrow
05:28 Beastiary
05:33 Spirit Lodge
05:59 Orc Burrow
09:07 Orc Burrow
» items
| Boots of Speed | 1 | |
| Circlet of Nobility | 3 | |
| Healing Salve | 2 | |
6 total
Chat log
(00:32 / All) chiggazking: gl gg
(00:38 / All) Emphasis: hf